[Event "fics rated crazyhouse match"]
[Site "fics, Oklahoma City, OK USA"]
[Date "2000.01.20"]
[White "BEO"]
[WhiteElo "2186"]
[Black "Tecumseh"]
[BlackElo "2242"]
[TimeControl "180+0"]
[Result "1-0"]

1. e4 Nc6 2. Nc3 Nf6 3. Nf3 d5 4. exd5 Nxd5 5. d4 Bg4 6. Be2 
e6 7. O-O Be7 8. Ne4 P@h3 9. gxh3 Bxh3 10. Re1 Nf6 11. Neg5 P@g4 
12. Nxh3 gxh3 13. B@f1 N@g2 14. Bxg2 hxg2 15. Kxg2 B@g4 16. Be3 h5 17. P@h3 
Bxh3+ 18. Kxh3 P@g4+ 19. Kg2 gxf3+ 20. Bxf3 N@h4+ 21. Kg1 Nxf3+ 22. Qxf3 B@e4 
23. Qd1 Ng4 24. P@f3 Nxe3 25. fxe3 Bxf3 26. Qxf3 Nxd4 27. exd4 Qxd4+ 28. B@f2 
Qg4+ 29. Qxg4 hxg4 30. P@d7+ Kf8 31. N@e5 B@c6 32. N@g6+ Kg8 33. Nxe7+ Kh7 
34. Q@h5+ Q@h6 35. Qxh6+ gxh6 36. N@f6+ Kg7 37. Nh5+ Kf8 38. P@g7+ Kxe7 39. Q@f6+ 
Kd6 40. B@c5+ Kd5 41. c4# 
{Tecumseh checkmated} 1-0

[Event "fics rated crazyhouse match"]
[Site "fics, Oklahoma City, OK USA"]
[Date "2001.01.20"]
[White "Blechkiste"]
[WhiteElo "2536"]
[Black "letsgetiton"]
[BlackElo "2205"]
[TimeControl "180+0"]
[Result "1-0"]

1. e4 e6 2. d4 Nf6 3. e5 Nd5 4. Nf3 d6 5. exd6 cxd6 6. Be2 
Nc6 7. O-O Be7 8. c4 Nc7 9. P@b5 Nb8 10. Nc3 Nd7 11. Bf4 Nb6 
12. Qc1 h6 13. c5 dxc5 14. dxc5 Bxc5 15. Ne4 Be7 16. Bxc7 Qd5 17. Bxb6 
O-O 18. N@c3 Qd7 19. Ne5 Qe8 20. N@d6 Bxd6 21. Nxd6 Qe7 22. Ndxf7 Rxf7 
23. P@h7+ Kh8 24. Ng6+ Kxh7 25. Nxe7 Rxe7 26. Bc5 Rf7 27. P@g6+ Kxg6 28. Q@h5+ 
Kh7 29. Qxf7 N@f6 30. Qxh6+ Kxh6 31. R@g6+ Kh7 32. Qxg7# 
{letsgetiton checkmated} 1-0

[Event "fics rated crazyhouse match"]
[Site "fics, Oklahoma City, OK USA"]
[Date "2001.01.20"]
[White "letsgetiton"]
[WhiteElo "2202"]
[Black "Blechkiste"]
[BlackElo "2538"]
[TimeControl "180+0"]
[Result "1-0"]

1. e4 Nf6 2. Nc3 d5 3. exd5 Nxd5 4. d4 e6 5. Nf3 Nc6 6. Bb5 
Nxc3 7. bxc3 Bd7 8. O-O a6 9. Bd3 h5 10. Rb1 N@d5 11. Bd2 P@g4 
12. Ne1 Ra7 13. P@e4 Nb6 14. Be3 Be7 15. d5 exd5 16. Bxb6 cxb6 17. exd5 
Ne5 18. Qe2 P@d6 19. N@f4 B@g5 20. P@g3 h4 21. N@h5 hxg3 22. fxg3 Bxf4 
23. Nxf4 N@a3 24. P@e6 Nxb1 25. exf7+ Nxf7 26. P@e6 Ng5 27. B@g6+ Kf8 28. exd7 
P@f3 29. Nxf3 gxf3 30. Rxf3 Nxf3+ 31. Qxf3 R@h1+ 32. Kxh1 R@c1+ 33. B@f1 Rxf1+ 
34. Bxf1 N@f2+ 35. Qxf2 Rxh2+ 36. Kxh2 B@g1+ 37. Kxg1 P@h2+ 38. Kxh2 Kg8 39. P@h7+ 
Kh8 40. N@f7# 
{Blechkiste checkmated} 1-0

[Event "fics rated crazyhouse match"]
[Site "fics, Oklahoma City, OK USA"]
[Date "2001.01.20"]
[White "Blechkiste"]
[WhiteElo "2524"]
[Black "letsgetiton"]
[BlackElo "2221"]
[TimeControl "180+0"]
[Result "1-0"]

1. e4 e6 2. d4 Nf6 3. e5 Nd5 4. Nf3 d6 5. exd6 cxd6 6. Be2 
Nc6 7. O-O Be7 8. c4 Nf6 9. Nc3 P@c7 10. d5 Nb8 11. P@h6 Rg8 
12. dxe6 Bxe6 13. Qb3 Qc8 14. Ng5 Bf5 15. Bf3 c6 16. hxg7 Rxg7 17. P@h6 
Rg8 18. P@g7 Na6 19. Bxc6+ Qxc6 20. P@b5 Qd7 21. bxa6 bxa6 22. Re1 P@e6 
23. N@b8 Qc7 24. Nxa6 Qd7 25. P@b7 Rd8 26. b8=Q B@b6 27. Q3xb6 axb6 28. Nc7+ 
Qxc7 29. Qxc7 P@h3 30. Qxd8+ Bxd8 31. Q@b5+ P@d7 32. Qxf5 hxg2 33. R@f8+ Ke7 
34. Nd5+ Nxd5 35. Qxf7# 
{letsgetiton checkmated} 1-0

[Event "fics rated crazyhouse match"]
[Site "fics, Oklahoma City, OK USA"]
[Date "2001.01.20"]
[White "letsgetiton"]
[WhiteElo "2218"]
[Black "Blechkiste"]
[BlackElo "2526"]
[TimeControl "180+0"]
[Result "0-1"]

1. e4 Nf6 2. Nc3 d5 3. exd5 Nxd5 4. d4 e6 5. Nf3 Nc6 6. Bb5 
Nxc3 7. bxc3 Bd7 8. O-O h6 9. Bd3 N@d5 10. Bd2 P@g4 11. Ne1 Qh4 
12. P@g3 Qh5 13. h3 e5 14. dxe5 Qxe5 15. hxg4 P@b2 16. Rb1 Nxc3 17. Bxc3 
Qxc3 18. Qe2+ Kd8 19. N@b5 Qe5 20. Qxe5 Nxe5 21. N@a5 P@h2+ 22. Kh1 Q@b6 
23. Nb3 Nxd3 24. Nxd3 Qxb5 25. N@d4 Qa6 26. Kxh2 Bxg4 27. P@h3 Bd7 28. Rxb2 
P@c3 29. Rbb1 Qxa2 30. Ra1 Qxa1 31. Rxa1 P@b2 32. Re1 R@e8 33. P@e5 f6 
34. P@f7 Re7 35. e6 b1=Q 36. Rxb1 Bxe6 37. Nxe6+ Rxe6 38. B@e8 Rxe8 39. fxe8=Q+ 
Kxe8 40. Re1+ B@e7 41. P@e6 N@f3+ 42. gxf3 B@c6 43. P@d7+ Bxd7 44. exd7+ Kxd7 
45. N@c5+ Bxc5 46. Nbxc5+ Bxc5 47. Nxc5+ Kc8 48. Q@d7+ Kb8 49. Nxb7 N@e5 50. P@g2 
Nxd7 51. Na5 Q@b6 52. B@c6 P@d2 53. R@b7+ Qxb7 54. Bxb7 dxe1=Q 55. B@g1 N@f1+ 
56. Kh1 R@h2+ 57. Bxh2 Nxg3# 
{letsgetiton checkmated} 0-1

[Event "fics rated crazyhouse match"]
[Site "fics, Oklahoma City, OK USA"]
[Date "2001.01.20"]
[White "Blechkiste"]
[WhiteElo "2528"]
[Black "letsgetiton"]
[BlackElo "2215"]
[TimeControl "180+0"]
[Result "1-0"]

1. e4 e6 2. d4 d5 3. exd5 Qxd5 4. Nf3 Nf6 5. Nc3 Bb4 6. Bd2 
Bxc3 7. Bxc3 Ne4 8. Bb4 Nc6 9. B@a4 N@g4 10. Bxc6+ bxc6 11. N@e7 Qd7 
12. Nxc8 Qxc8 13. Ne5 Nxe5 14. dxe5 P@d5 15. N@h5 Rg8 16. Bd3 B@g6 17. Bxe4 
Bxh5 18. Qxh5 dxe4 19. Qxh7 N@e7 20. Qxg8+ Nxg8 21. R@f8+ Kd7 22. N@c5+ Ke7 
23. Rxc8 B@d2+ 24. Bxd2 N@f3+ 25. gxf3 N@g2+ 26. Kd1 Q@d8 27. Q@d7+ Qxd7 28. B@f8# 
{letsgetiton checkmated} 1-0

[Event "fics rated crazyhouse match"]
[Site "fics, Oklahoma City, OK USA"]
[Date "2001.01.20"]
[White "letsgetiton"]
[WhiteElo "2212"]
[Black "Blechkiste"]
[BlackElo "2530"]
[TimeControl "180+0"]
[Result "1-0"]

1. e4 e6 2. Nc3 d6 3. d4 Nf6 4. Nf3 Be7 5. Bb5+ c6 6. Bd3 
Nbd7 7. Rb1 Qc7 8. a4 e5 9. dxe5 Nxe5 10. Nxe5 dxe5 11. Rg1 P@d4 
12. Ne2 N@c5 13. Ng3 Nxa4 14. N@f5 Rg8 15. P@h6 Bb4+ 16. Bd2 P@c3 17. bxc3 
Nxc3 18. Bxc3 Bxc3+ 19. P@d2 Bxf5 20. Nxf5 Bxd2+ 21. Kf1 N@c3 22. Nxg7+ Rxg7 
23. hxg7 Nxd1 24. R@f8+ Kd7 25. Rxf7+ P@e7 26. P@e6+ Kxe6 27. B@a2+ P@d5 28. exd5+ 
Nxd5 29. Bxd5+ cxd5 30. Rxd1 Kxf7 31. Rxd2 R@b1+ 32. N@d1 B@f4 33. Bxh7 B@c4+ 
34. P@d3 Bxd2 35. g8=Q+ Rxg8 36. Bxg8+ Kxg8 37. P@f7+ Kxf7 38. N@h8+ Kg8 39. P@f7+ 
Kxh8 40. f8=Q+ Q@g8 41. N@f7+ Kh7 42. R@h6+ Bxh6 43. Qxh6# 
{Blechkiste checkmated} 1-0

[Event "fics rated crazyhouse match"]
[Site "fics, Oklahoma City, OK USA"]
[Date "2001.01.20"]
[White "Blechkiste"]
[WhiteElo "2501"]
[Black "letsgetiton"]
[BlackElo "2230"]
[TimeControl "180+0"]
[Result "1-0"]

1. e4 e6 2. d4 Nf6 3. e5 Nd5 4. Nf3 d6 5. exd6 cxd6 6. Be2 
Nc6 7. O-O Be7 8. c4 Nf6 9. Nc3 O-O 10. d5 Nb8 11. dxe6 fxe6 
12. P@h6 gxh6 13. Bxh6 P@g7 14. Bd2 Nc6 15. P@d5 exd5 16. Nxd5 P@e6 17. Nxe7+ 
Qxe7 18. P@b5 Nd8 19. B@c2 P@f5 20. Bg5 P@h6 21. Bxf6 Rxf6 22. P@e5 dxe5 
23. Nxe5 P@d6 24. Nd3 B@c7 25. Nf4 Rf8 26. P@g6 N@h4 27. gxh7+ Kxh7 28. P@g3 
Ng6 29. Nxg6 Kxg6 30. N@f4+ Kh7 31. N@g6 Qf7 32. Bxf5 exf5 33. P@e7 Re8 
34. exd8=Q Bxd8 35. Qxd6 B@c7 36. N@f8+ Rxf8 37. Nxf8+ Qxf8 38. Qxf8 N@h3+ 39. Kh1 
N@f3 40. P@g6# 
{letsgetiton checkmated} 1-0

[Event "fics rated crazyhouse match"]
[Site "fics, Oklahoma City, OK USA"]
[Date "2001.01.20"]
[White "letsgetiton"]
[WhiteElo "2226"]
[Black "Blechkiste"]
[BlackElo "2504"]
[TimeControl "180+0"]
[Result "0-1"]

1. e4 Nf6 2. Nc3 d5 3. exd5 Nxd5 4. d4 e6 5. Nf3 Nc6 6. Bd3 
Bb4 7. Bd2 Nxc3 8. bxc3 N@b2 9. Qe2 P@g4 10. Ng1 Nxd4 11. cxd4 Qxd4 
12. N@b3 Nxd3+ 13. cxd3 Bxd2+ 14. Qxd2 P@c3 15. Nxd4 cxd2+ 16. Kxd2 B@b4+ 17. P@c3 
Q@b2+ 18. N@c2 Bxc3+ 19. Kd1 Qxa1+ 20. Nxa1 R@d2+ 21. Ke1 Rxd3+ 22. Ke2 Rd2+ 
23. Ke3 Rxd4 24. B@b5+ P@c6 25. Bd3 N@c1 
{letsgetiton forfeits on time} 0-1

[Event "fics rated crazyhouse match"]
[Site "fics, Oklahoma City, OK USA"]
[Date "2001.01.20"]
[White "Blechkiste"]
[WhiteElo "2507"]
[Black "MrBug"]
[BlackElo "2261"]
[TimeControl "180+2"]
[Result "1-0"]

1. e4 Nc6 2. d4 Nf6 3. Nc3 e6 4. Nf3 Bb4 5. Qd3 d5 6. exd5 
exd5 7. P@h6 Qe7+ 8. Qe2 gxh6 9. Qxe7+ Nxe7 10. Bxh6 Nf5 11. Q@a4+ P@c6 
12. Qxb4 Nxh6 13. B@g7 Rg8 14. Bxf6 Q@e6+ 15. P@e5 B@f8 16. Qa4 Ng4 17. N@g5 
Qxe5# 
{MrBug resigns} 1-0

[Event "fics rated crazyhouse match"]
[Site "fics, Oklahoma City, OK USA"]
[Date "2001.01.20"]
[White "MrBug"]
[WhiteElo "2258"]
[Black "Blechkiste"]
[BlackElo "2510"]
[TimeControl "180+2"]
[Result "0-1"]

1. e4 e6 2. d4 d6 3. Nf3 Nf6 4. Bd3 Nc6 5. a3 Be7 6. Qe2 
Bd7 7. Nc3 e5 8. d5 Nd4 9. Nxd4 exd4 10. Nb5 Bxb5 11. Bxb5+ Kf8 
12. N@f5 N@c5 13. B@h6 Rg8 14. Bxg7+ Rxg7 15. Bh6 B@h8 16. Nxg7 Bxg7 17. Bxg7+ 
Kxg7 18. P@g5 Nfxe4 19. B@h6+ Kg8 20. R@e8+ Qxe8 21. Bxe8 P@g7 22. Bxf7+ Kh8 
23. Bxg7+ Kxg7 24. Be6 Nxg5 25. h4 Ngxe6 26. dxe6 B@a5+ 27. P@b4 P@d2+ 28. Qxd2 
R@e4+ 29. P@e3 Nxe6 30. N@f5+ Kh8 31. bxa5 Bf6 32. P@g5 dxe3 33. Nxe3 Bxb2 
34. B@f6+ B@g7 35. P@h6 Bgxf6 36. gxf6 Bxf6 37. B@g7+ Nxg7 38. hxg7+ Bxg7 39. Rd1 
B@c3 
{MrBug resigns} 0-1

[Event "fics rated crazyhouse match"]
[Site "fics, Oklahoma City, OK USA"]
[Date "2001.01.20"]
[White "Blechkiste"]
[WhiteElo "2513"]
[Black "MrBug"]
[BlackElo "2255"]
[TimeControl "180+2"]
[Result "0-1"]

1. e4 e5 2. Bc4 Nf6 3. Nc3 Bc5 4. d3 O-O 5. Bg5 h6 6. Bh4 
c6 7. Nf3 d6 8. Qe2 Bg4 9. Bxf6 Qxf6 10. h3 Bxf3 11. Qxf3 Qxf3 
12. N@e7+ Kh8 13. gxf3 Bxf2+ 14. Kd1 B@g2 15. Bxf7 N@f4 16. Bg6 P@h7 17. P@f7 
Nd7 18. Q@d2 Bxf3+ 19. Kc1 P@e3 20. Qxf2 exf2 21. Rf1 Nxg6 22. Nxg6+ hxg6 
23. B@d2 Q@g2 24. N@e3 B@g5 25. Nxg2 Bxd2+ 26. Kxd2 Bxg2 27. Rxf2 B@g5+ 28. P@f4 
Bxf4+ 29. Kd1 P@d2 30. Rxd2 Bxd2 31. Q@e2 Q@f1+ 32. Kxd2 Qxe2+ 33. Nxe2 N@f3+ 
34. Ke3 Rxf7 35. Kf2 Nh4+ 36. Ke3 P@d4+ 37. Kd2 Q@e3+ 38. Kd1 R@d2+ 39. Kc1 
Qxe2 40. Q@b8+ Rxb8 41. Kb1 Rd1+ 42. B@c1 N@d2# 
{Blechkiste checkmated} 0-1

[Event "fics rated crazyhouse match"]
[Site "fics, Oklahoma City, OK USA"]
[Date "2001.01.20"]
[White "venomous"]
[WhiteElo "2464"]
[Black "LINDEGREN"]
[BlackElo "2275"]
[TimeControl "60+0"]
[Result "1-0"]

1. e4 Nf6 2. Nc3 Nc6 3. Nf3 d5 4. exd5 Nxd5 5. Bc4 e6 6. d4 
Bb4 7. Bd2 Qe7 8. O-O Bxc3 9. bxc3 Nb6 10. Bb5 Bd7 11. Re1 f5 
12. Bf1 P@e4 13. Ng5 O-O 14. Qh5 N@f6 15. Qh3 e5 16. P@g6 hxg6 17. B@h7+ 
Kh8 18. Bxg6+ P@h6 19. dxe5 Nxe5 20. P@e6 Bc6 21. Nf7+ Rxf7 22. Bxf7 P@g4 
23. Qh4 N@f3+ 24. gxf3 Nxf3+ 25. Kh1 Nxh4 26. Bxh6 P@h3 27. Bxg7+ Kxg7 28. P@h6+ 
Kxh6 29. P@g5+ Kxg5 30. P@f4+ Kh6 31. R@g3 P@g2+ 32. Bxg2 hxg2+ 33. Rxg2 B@f3 
34. P@g5+ Kh7 35. g6+ Kg7 36. Rg1 P@h3 37. P@h6+ Kxh6 38. N@e1 hxg2+ 39. Nxg2 
P@h3 40. P@g5+ Kg7 41. gxf6+ Kxf6 42. N@h5# 
{LINDEGREN checkmated} 1-0

[Event "fics rated crazyhouse match"]
[Site "fics, Oklahoma City, OK USA"]
[Date "2001.01.20"]
[White "LINDEGREN"]
[WhiteElo "2271"]
[Black "venomous"]
[BlackElo "2468"]
[TimeControl "60+0"]
[Result "0-1"]

1. e4 Nf6 2. Nc3 d5 3. exd5 Nxd5 4. Nf3 Nc6 5. d4 e6 6. Bb5 
Bd7 7. Bd2 Nxc3 8. bxc3 Bd6 9. O-O P@f6 10. N@h5 Rg8 11. Bd3 N@g6 
12. Qe2 Qe7 13. Rae1 Nd8 14. P@e5 fxe5 15. dxe5 Bc5 16. P@f6 gxf6 17. Nxf6+ 
Qxf6 18. exf6 N@f4 19. Bxf4 Nxf4 20. P@e7 Nxe2+ 21. Kh1 Bxe7 22. fxe7 B@f6 
23. Rxe2 Bxe7 24. N@h5 P@g7 25. Bxh7 P@h3 26. Rg1 hxg2+ 27. Rxg2 P@h3 28. B@f1 
hxg2+ 29. Bxg2 R@d1+ 30. N@g1 Bc6 31. Bxg8 Q@f8 32. R@h8 P@h3 33. Bxf7+ Kd7 
34. Ne5+ Kc8 35. P@d7+ Kb8 36. Bxc6 bxc6 37. B@f3 P@g2+ 38. Bxg2 hxg2# 
{LINDEGREN forfeits on time} 0-1

[Event "fics rated crazyhouse match"]
[Site "fics, Oklahoma City, OK USA"]
[Date "2001.01.20"]
[White "venomous"]
[WhiteElo "2472"]
[Black "LINDEGREN"]
[BlackElo "2267"]
[TimeControl "60+0"]
[Result "1-0"]

1. e4 Nf6 2. Nc3 Nc6 3. Nf3 d5 4. exd5 Nxd5 5. Bc4 e6 6. d4 
Bb4 7. Bd2 Qe7 8. O-O Bxc3 9. bxc3 Nb6 10. Bb5 Bd7 11. Re1 f5 
12. Bf1 P@e4 13. Ng5 O-O 14. P@g6 hxg6 15. B@h7+ Kh8 16. Bxg6 N@f6 17. P@e5 
P@h6 18. exf6 Rxf6 19. Nf7+ Kg8 20. Nxh6+ gxh6 21. P@f7+ Kh8 22. Bxh6 Rxg6 
23. P@g7+ Kh7 24. f8=N+ Rxf8 25. gxf8=N+ Qxf8 26. R@g3 Qxh6 27. Rxg6 Qxg6 28. N@f8+ 
Kg7 29. Nxg6 Kxg6 30. R@g8+ R@g7 31. Q@h5+ Kf6 32. Rxg7 Kxg7 33. R@f7+ Kg8 
34. Qh7# 
{LINDEGREN checkmated} 1-0

[Event "fics rated crazyhouse match"]
[Site "fics, Oklahoma City, OK USA"]
[Date "2001.01.20"]
[White "LINDEGREN"]
[WhiteElo "2263"]
[Black "venomous"]
[BlackElo "2476"]
[TimeControl "60+0"]
[Result "0-1"]

1. e4 e6 2. Nc3 Nc6 3. d4 Nf6 4. e5 Nd5 5. Nxd5 exd5 6. Nf3 
d6 7. Bd3 Bg4 8. h3 Bxf3 9. gxf3 dxe5 10. dxe5 Nxe5 11. P@g2 Nxd3+ 
12. cxd3 P@c2 13. Qxc2 N@b4 14. Qd2 N@c2+ 15. Kf1 Nxa1 16. B@g4 B@d7 17. Bxd7+ 
Qxd7 18. N@e5 R@c2 19. Qe1 P@e2+ 20. Kg1 Bd6 21. Nxd7 Kxd7 22. B@g4+ B@e6 
23. Bxe6+ fxe6 24. B@a4+ c6 25. Bxc2 Naxc2 26. Qxe2 N@d4 27. Qd2 B@e1 28. Qg5 
B@f6 29. R@f7+ Bde7 30. Rxf6 gxf6 31. Qg7 Bxf2+ 32. Kxf2 Nxd3+ 33. Kg3 Rag8 
34. Qxg8 Rxg8+ 35. B@g4 Q@f2# 
{LINDEGREN resigns} 0-1

[Event "fics rated crazyhouse match"]
[Site "fics, Oklahoma City, OK USA"]
[Date "2001.01.20"]
[White "venomous"]
[WhiteElo "2480"]
[Black "LINDEGREN"]
[BlackElo "2259"]
[TimeControl "60+0"]
[Result "0-1"]

1. e4 Nf6 2. Nc3 Nc6 3. Nf3 d5 4. exd5 Nxd5 5. Bc4 e6 6. d4 
Bb4 7. Bd2 Qe7 8. O-O Nb6 9. Bb5 Bxc3 10. bxc3 Bd7 11. Re1 f5 
12. Bf1 N@e4 13. P@d3 Nxd2 14. Qxd2 B@g4 15. Ne5 O-O 16. N@g6 hxg6 17. Nxg6 
Qf6 18. Nxf8 Rxf8 19. B@g5 Qg6 20. P@f3 Bxf3 21. gxf3 f4 22. R@g4 e5 
23. B@h3 Bxg4 24. Bxg4 Qxg5 25. dxe5 P@g3 26. fxg3 B@e3+ 27. Rxe3 fxe3 28. Qxe3 
Qxe3+ 29. P@f2 N@e2+ 30. Bxe2 Qxe2 31. P@h7+ Kxh7 32. P@g6+ Kxg6 33. B@e4+ Kf7 
34. e6+ Ke7 35. B@c5+ P@d6 36. N@g6+ Kd8 37. Nxf8 R@e1+ 38. Rxe1 Qxe1+ 39. R@f1 
Qxf1+ 40. Kxf1 Q@h1+ 41. R@g1 R@d1+ 42. Ke2 R@e1+ 43. Rxe1 Rxe1+ 44. Kd2 R@d1# 
{venomous checkmated} 0-1

[Event "fics rated crazyhouse match"]
[Site "fics, Oklahoma City, OK USA"]
[Date "2001.01.20"]
[White "LINDEGREN"]
[WhiteElo "2271"]
[Black "venomous"]
[BlackElo "2468"]
[TimeControl "60+0"]
[Result "0-1"]

1. e4 Nf6 2. Nc3 d5 3. exd5 Nxd5 4. d4 Nc6 5. Nf3 e6 6. Nxd5 
exd5 7. Bb5 Qe7+ 8. P@e5 Bg4 9. h3 Bxf3 10. Qxf3 N@h4 11. Qg4 P@f5 
12. Qg3 N@e4 13. Bxc6+ bxc6 14. Qe3 Nxg2+ 15. Kd1 Nxe3+ 16. Bxe3 Q@f3# 
{LINDEGREN resigns} 0-1

[Event "fics rated crazyhouse match"]
[Site "fics, Oklahoma City, OK USA"]
[Date "2001.01.20"]
[White "venomous"]
[WhiteElo "2472"]
[Black "LINDEGREN"]
[BlackElo "2267"]
[TimeControl "60+0"]
[Result "1-0"]

1. e4 Nc6 2. Nc3 Nf6 3. Nf3 d5 4. exd5 Nxd5 5. Nxd5 Qxd5 6. d4 
e6 7. Be3 Bb4+ 8. c3 Be7 9. N@f4 Qd8 10. Bd3 P@f5 11. O-O N@g4 
12. P@h3 Nxe3 13. fxe3 B@h6 14. N@e5 Nxe5 15. Nxe5 Bd7 16. Nxf7 Kxf7 17. N@e5+ 
Kf8 18. Qh5 Qe8 19. P@f7 Qd8 20. Nfg6+ hxg6 21. Nxg6+ Kxf7 22. Ne5+ Kg8 
23. Qf7# 
{LINDEGREN resigns} 1-0

[Event "fics rated crazyhouse match"]
[Site "fics, Oklahoma City, OK USA"]
[Date "2001.01.20"]
[White "LINDEGREN"]
[WhiteElo "2263"]
[Black "venomous"]
[BlackElo "2476"]
[TimeControl "60+0"]
[Result "0-1"]

1. e4 Nf6 2. Nc3 d5 3. e5 Ne4 4. d4 Nc6 5. Nf3 Bg4 6. Be3 
e6 7. h3 Bh5 8. Be2 Bb4 9. Bd2 Nxd2 10. Qxd2 Bxc3 11. bxc3 N@e4 
12. Qe3 B@b2 13. O-O Bxc3 14. B@h4 P@e7 15. N@f4 Bxf3 16. Qxf3 Nxd4 17. Qg4 
Nxe2+ 18. Nxe2 B@g6 19. Bxe7 Qxe7 20. B@h4 P@g5 21. P@f6 gxf6 22. exf6 Kd8 
23. fxe7+ Kxe7 24. Bxg5+ B@f6 25. Bxf6+ Bxf6 26. B@a3+ P@d6 27. Nf4 B@f5 28. Qe2 
N@d4 29. Qd3 P@e5 30. Nxg6+ hxg6 31. B@b5 Rad8 32. P@d7 N@f4 33. N@c8+ Kf8 
{LINDEGREN forfeits on time} 0-1

[Event "fics rated crazyhouse match"]
[Site "fics, Oklahoma City, OK USA"]
[Date "2001.01.20"]
[White "venomous"]
[WhiteElo "2480"]
[Black "LINDEGREN"]
[BlackElo "2259"]
[TimeControl "60+0"]
[Result "0-1"]

1. e4 Nf6 2. Nc3 Nc6 3. Nf3 d5 4. exd5 Nxd5 5. Bc4 e6 6. d4 
Bb4 7. Bd2 Qe7 8. O-O Bxc3 9. bxc3 Nb6 10. Bb5 Bd7 11. Re1 f5 
12. Bf1 N@e4 13. P@d3 Nxd2 14. Qxd2 P@g4 15. Ne5 Nxe5 16. dxe5 Bc6 17. B@b4 
Qf7 18. N@g5 Qg6 19. N@h4 Qh5 20. f3 Qxh4 21. fxg4 O-O-O 22. P@g3 Qxg4 
23. Nxe6 B@d5 24. Nxd8 Rxd8 25. P@e7 Re8 26. R@d8+ Rxd8 27. exd8=Q+ Kxd8 28. R@f8+ 
N@e8 29. Qe2 Qxe2 30. Rxe2 N@h3+ 31. gxh3 R@h1+ 32. Kf2 Q@g1+ 33. Ke1 Qxf1+ 
34. Kd2 N@c4+ 35. dxc4 Nxc4+ 36. Kd3 Qxe2+ 37. Kxe2 R@d2# 
{venomous checkmated} 0-1

[Event "fics rated crazyhouse match"]
[Site "fics, Oklahoma City, OK USA"]
[Date "2001.01.20"]
[White "LINDEGREN"]
[WhiteElo "2271"]
[Black "venomous"]
[BlackElo "2468"]
[TimeControl "60+0"]
[Result "1-0"]

1. e4 Nf6 2. Nc3 d5 3. e5 Ne4 4. d4 Nc6 5. Nf3 Bg4 6. Be2 
e6 7. h3 Bh5 8. O-O Nxc3 9. bxc3 N@e4 10. Bd2 Nxd2 11. Qxd2 B@h6 
12. N@e3 Bxe3 13. Qxe3 N@f5 14. Qd2 Bxf3 15. Bxf3 N@h4 16. B@e2 Nxf3+ 17. Bxf3 
B@h6 18. Qd1 Be7 19. N@g4 Bhg5 20. B@d3 h5 21. Nh2 Bf4 22. Bxh5 Bxh2+ 
23. Kxh2 N@f4 24. Bxf5 exf5 25. Bxf7+ Kxf7 26. P@b5 B@g4 27. e6+ Kxe6 28. Re1+ 
B@e4 29. Rxe4+ dxe4 30. d5+ Nxd5 31. bxc6 Rxh3+ 32. gxh3 Bd6+ 33. P@g3 Bxg3+ 
34. fxg3 R@f2+ 35. B@g2 Rxg2+ 36. Kxg2 Ne3+ 37. Kh2 Nxd1 38. N@f4+ Kf6 39. R@g6+ 
Kf7 40. B@e6+ Ke7 41. B@c5# 
{venomous forfeits on time} 1-0

[Event "fics rated crazyhouse match"]
[Site "fics, Oklahoma City, OK USA"]
[Date "2001.01.20"]
[White "venomous"]
[WhiteElo "2456"]
[Black "LINDEGREN"]
[BlackElo "2283"]
[TimeControl "60+0"]
[Result "1-0"]

1. e4 Nf6 2. Nc3 Nc6 3. Nf3 d5 4. exd5 Nxd5 5. Bc4 e6 6. d4 
Bb4 7. Bd2 Qe7 8. O-O Bxc3 9. bxc3 Nb6 10. Bb5 Bd7 11. Re1 f5 
12. Bf1 N@e4 13. P@d3 Nxd2 14. Qxd2 P@g4 15. Ne5 Nxe5 16. dxe5 Bc6 17. N@d4 
B@d5 18. Nxc6 Bxc6 19. N@d4 O-O 20. Nxc6 bxc6 21. B@b7 N@g5 22. Bxc6 N@h3+ 
23. gxh3 Nxh3+ 24. Bxh3 gxh3 25. B@f3 B@g5 26. P@f4 Bxf4 27. Qxf4 P@g5 28. Qg3 
Rad8 29. B@b4 Qf7 30. N@e7+ Kh8 31. B@h5 P@g6 32. Nxg6+ hxg6 33. Bxf8 gxh5 
34. Bxg7+ Kxg7 35. Qxg5+ B@g6 36. P@h6+ Kh7 37. R@g7+ Kh8 38. Qxd8+ B@f8 39. Rxf7 
{LINDEGREN resigns} 1-0

[Event "fics rated crazyhouse match"]
[Site "fics, Oklahoma City, OK USA"]
[Date "2001.01.20"]
[White "LINDEGREN"]
[WhiteElo "2279"]
[Black "venomous"]
[BlackElo "2460"]
[TimeControl "60+0"]
[Result "1-0"]

1. e4 Nf6 2. Nc3 d5 3. exd5 Nxd5 4. d4 Nc6 5. Nf3 e6 6. Bd3 
Bd7 7. Bd2 Nxc3 8. bxc3 Bd6 9. O-O f5 10. N@h5 Qe7 11. P@e5 Ba3 
12. Bg5 Qf7 13. Nh4 P@g6 14. Nxg7+ Qxg7 15. Bf6 Qg8 16. P@g7 N@f7 17. gxh8=Q 
Nxh8 18. R@g7 Qf8 19. Rxh7 N@f7 20. P@g7 Qxg7 21. Bxg7 O-O-O 22. Bxh8 Nxh8 
23. Q@a8+ Nb8 24. Rb1 B@b6 25. Rxb6 cxb6 26. B@d6 Bxd6 27. exd6 Re8 28. Rxh8 
Rxh8 29. N@e7+ Kd8 30. Qxb8+ R@c8 31. Nxc8 Rxh4 32. B@g5+ Ke8 33. Ne7+ B@d8 
34. Bxh4 
{venomous resigns} 1-0

[Event "fics rated crazyhouse match"]
[Site "fics, Oklahoma City, OK USA"]
[Date "2001.01.20"]
[White "venomous"]
[WhiteElo "2448"]
[Black "LINDEGREN"]
[BlackElo "2291"]
[TimeControl "60+0"]
[Result "1-0"]

1. e4 Nf6 2. Nc3 Nc6 3. Nf3 d5 4. exd5 Nxd5 5. Bc4 e6 6. d4 
Bb4 7. Bd2 Bxc3 8. bxc3 Nb6 9. Bb5 Bd7 10. O-O Qe7 11. Re1 f5 
12. B@c5 P@d6 13. Bxb6 axb6 14. d5 B@e4 15. dxe6 Bxe6 16. N@g5 P@f7 17. Nxe4 
fxe4 18. Rxe4 d5 19. Rxe6 fxe6 20. P@f7+ Qxf7 21. Ne5 Qf5 22. B@d7+ Kf8 
23. Bbxc6 bxc6 24. P@e7+ Kxe7 25. Nxc6+ Kxd7 26. N@e5+ Kc8 27. P@a7 Kb7 28. P@a6+ 
Kxa6 29. Qe2+ P@b5 30. a4 N@h3+ 31. gxh3 R@g2+ 32. Kxg2 N@h4+ 33. Kg1 Rxa7 
34. axb5+ Kb7 35. Rxa7+ Kc8 36. R@b8# 
{LINDEGREN checkmated} 1-0

[Event "fics rated crazyhouse match"]
[Site "fics, Oklahoma City, OK USA"]
[Date "2001.01.20"]
[White "LINDEGREN"]
[WhiteElo "2286"]
[Black "venomous"]
[BlackElo "2453"]
[TimeControl "60+0"]
[Result "1-0"]

1. e4 Nf6 2. Nc3 d5 3. exd5 Nxd5 4. d4 Nc6 5. Nf3 e6 6. Bd3 
Bd7 7. O-O Be7 8. Ne4 P@f5 9. Ng3 O-O 10. Nh5 Bf6 11. P@g5 Bxd4 
12. Nxd4 Nxd4 13. B@e5 P@e2 14. Bxe2 Nxe2+ 15. Qxe2 B@a6 16. P@d3 f6 17. gxf6 
Nxf6 18. Bxf6 Rxf6 19. Bg5 N@d4 20. Qe5 P@f3 21. Qxd4 fxg2 22. Rfe1 B@e7 
23. Bxf6 Bxf6 24. P@e5 B@b6 25. Qf4 Bg5 26. Qg3 Bc6 27. h4 P@d2 28. Red1 
Bxd3 29. hxg5 P@e2 30. N@f6+ Kf7 31. g6+ hxg6 32. N@g5+ Ke7 33. R@f7# 
{venomous checkmated} 1-0

[Event "fics rated crazyhouse match"]
[Site "fics, Oklahoma City, OK USA"]
[Date "2001.01.20"]
[White "venomous"]
[WhiteElo "2441"]
[Black "LINDEGREN"]
[BlackElo "2298"]
[TimeControl "60+0"]
[Result "1-0"]

1. e4 Nf6 2. Nc3 Nc6 3. Nf3 d5 4. exd5 Nxd5 5. Bc4 e6 6. d4 
Bb4 7. Bd2 Qe7 8. O-O Bxc3 9. bxc3 Bd7 10. Re1 Nb6 11. Bf1 f5 
12. B@c5 P@d6 13. Bxb6 axb6 14. d5 B@e4 15. dxe6 Bxe6 16. N@g5 P@f7 17. Nxe4 
fxe4 18. Rxe4 d5 19. Rxe6 fxe6 20. P@f7+ Qxf7 21. Ng5 Qe7 22. P@f7+ Kd8 
23. B@h6 N@f5 24. Bxg7 Nxg7 25. P@h6 Nf5 26. P@g7 Kd7 27. gxh8=Q Rxh8 28. R@g8 
R@f8 29. Rxh8 Rxh8 30. B@g4 N@h4 31. Bxf5 exf5 32. R@g8 Rxg8 33. fxg8=Q Qxg5 
34. N@f8+ Kd6 35. R@e6+ Kc5 36. Be3+ d4 37. cxd4+ Kb4 38. c3+ Ka5 39. P@b4+ 
Nxb4 40. cxb4+ Kxb4 41. Qb3+ Ka5 42. N@c4# 
{LINDEGREN forfeits on time} 1-0